 Dungeon Crawl Stone Soup version 0.21.1-1-g345015fe64 (webtiles) character file.

2258 Kejsarherre the Carver (level 9, -2/90 HPs)
             Began as a Deep Dwarf Fighter on May 3, 2018.
             Was a Follower of Makhleb.
             Slain by an ogre
             ... wielding a +0 giant club
              (22 damage)
             ... on level 7 of the Dungeon.
             The game lasted 00:13:31 (4644 turns).

Kejsarherre the Carver (Deep Dwarf Fighter)         Turns: 4644, Time: 00:13:32

Health: -2/90      AC:  8    Str: 21    XL:     9   Next: 15%
Magic:  5/5        EV:  7    Int: 11    God:    Makhleb [*.....]
Gold:   333        SH:  9    Dex: 12    Spells: 8/8 levels left

rFire    + . .     SeeInvis .   y - +7 morningstar of Harmony {freeze, +Blink}
rCold    . . .     Gourm    .   c - +0 shield
rNeg     . . .     Faith    .   b - +0 scale mail
rPois    .         Spirit   .   G - +0 helmet
rElec    .         Reflect  .   (no cloak)
rCorr    .         Harm     +   (no gloves)
MR       ++...                  (no boots)
Stlth    ..........             q - amulet of harm
HPRegen  0.00/turn              K - ring of protection from magic
MPRegen  0.09/turn              w - ring of protection from fire

@: non-regenerating
A: damage resistance, heal wounds, sense surroundings 2, no regeneration
a: Heal Wounds, Renounce Religion, Evoke Blink


You were on level 7 of the Dungeon.
You worshipped Makhleb.
Makhleb was aware of your devotion.
You were not hungry.

You visited 2 branches of the dungeon, and saw 8 of its levels.
You also visited: Sewer.

You collected 333 gold pieces.

Inventory:

Hand Weapons
 a - a +1 long sword
 y - the +7 morningstar of Harmony (weapon) {freeze, +Blink}
   (You found it on level 5 of the Dungeon)

   It has been specially enchanted to freeze those struck by it, causing extra
   injury to most foes and up to half again as much damage against particularly
   susceptible opponents.
   It can also slow down cold-blooded creatures.
   It lets you blink.
Armour
 b - a +0 scale mail (worn)
 c - a +0 shield (worn)
 G - a +0 helmet (worn)
Jewellery
 p - a +3 ring of intelligence
 q - an amulet of harm (around neck)
 v - an uncursed ring of stealth
 w - a ring of protection from fire (right hand)
 B - an uncursed ring of ice
 F - a +2 ring of protection {unknown}
 K - a ring of protection from magic (left hand)
Wands
 n - a wand of random effects (27)
Scrolls
 e - 2 scrolls of blinking
 g - a scroll of vulnerability {unknown}
 j - 5 scrolls of enchant weapon
 k - 3 scrolls of teleportation
 m - a scroll of amnesia
 o - 2 scrolls of immolation
 s - 2 scrolls of remove curse
 u - a scroll of enchant armour {unknown}
 I - a scroll of magic mapping {unknown}
Potions
 d - 4 potions of might
 h - 3 potions of invisibility
 i - a potion of ambrosia
 r - 2 potions of lignification
 t - 3 potions of curing
 x - a potion of resistance
 A - 4 potions of flight
 C - a potion of magic
Books
 l - a book of Misfortune

   Spells                             Type                      Level
   a - Confusing Touch                Hexes                        1
   b - Confuse                        Hexes                        3
   c - Gell's Gravitas                Translocation                3
   d - Petrify                        Transmutation/Earth          4
   e - Metabolic Englaciation         Hexes/Ice                    5
   f - Yara's Violent Unravelling     Hexes/Transmutation          5
 D - a book of Maledictions

   Spells                             Type                      Level
   a - Corona                         Hexes                        1
   b - Ensorcelled Hibernation        Hexes/Ice                    2
   c - Confuse                        Hexes                        3
   d - Tukima's Dance                 Hexes                        3
   e - Dazzling Spray                 Conjuration/Hexes            3
Comestibles
 f - 10 rations
 z - 2 chunks of flesh


   Skills:
 + Level 8.6 Fighting
 - Level 8.7 Long Blades
 - Level 3.2 Armour
 - Level 3.2 Shields


You had 8 spell levels left.
You didn't know any spells.

Dungeon Overview and Level Annotations

Branches:
Dungeon (7/15)             Temple (1/1) D:6

Altars:
Cheibriados
Dithmenos
Fedhas
Gozag
Hepliaklqana
Kikubaaqudgha
Makhleb
Nemelex Xobeh
Okawaru
Qazlal
Ru
Trog
Wu Jian
Zin
The Shining One


Innate Abilities, Weirdness & Mutations

You are resistant to damage.
You can heal yourself by infusing magical energy.
You passively map the area around you.
You do not regenerate.


Message History

Done exploring.
There is a stone staircase leading down here.
You climb downwards.
An iguana, an orc and an ogre come into view.
The orc shouts!
The iguana hisses angrily.
The ogre shouts!
Found four items.
There is a stone staircase leading up here.
Unknown command.
You hit the ogre. You freeze the ogre.
The ogre is moderately wounded.
The ogre hits you with a giant club!
You sock the ogre! You freeze the ogre.
The ogre is almost dead.
The ogre hits you with a giant club!!
* * * LOW HITPOINT WARNING * * *
You block the iguana's attack.
You hit the ogre. You freeze the ogre.
The ogre is almost dead.
The ogre hits you with a giant club!!
You die...

* * * , , ,, , ,
, * #.. .......
** .###..
....... , ,
*...#..##......%
, ,,
##....#.o....##
, *
#.............#
, ,
#.............#
#.............#
, #.....l@.....#
,* ⌠,
#.....O|.....#*
*
#.......:/....#
*
#.............#
#######.....###
##....#, * #....
, , , *####. **
* *


You could see an ogre, an iguana and an orc.

Vanquished Creatures
  The ghost of hofbold the Ducker, an amateur DsGl (D:4)
  Prince Ribbit (D:6)
  Eustachio (D:6)
  Menkaure (D:5)
  An ice beast (D:6)
  An orc warrior (D:6)
  A phantom (D:4)
  2 ogres (D:6)
  A big kobold (Sewer)
  Blork the orc (D:4)
  3 bullfrogs
  A crimson imp (D:5)
  2 hounds (D:4)
  4 orc priests
  2 centaur zombies (D:6)
  A jelly (D:6)
  4 orc wizards
  An iguana (D:4)
  Ijyb (D:4)
  2 worker ants
  Terence (D:3)
  A hound skeleton (D:4)
  3 gnolls (D:2)
  2 river rats (Sewer)
  9 adders
  A shadow imp (D:6)
  2 oozes
  An adder zombie (D:6)
  4 worms
  A dart slug (D:3)
  9 leopard geckos
  15 orcs
  8 bats
  6 giant cockroaches
  14 goblins
  8 hobgoblins
  6 jackals
  A quokka (D:2)
  3 frilled lizards
  6 kobolds
  21 rats
154 creatures vanquished.

Notes
Turn   | Place    | Note
-------+----------+-------------------------------------------
     0 | D:1      | Kejsarherre the Deep Dwarf Fighter began the quest for the Orb.
     0 | D:1      | Reached XP level 1. HP: 20/20 MP: 1/1
   227 | D:1      | Reached XP level 2. HP: 27/27 MP: 2/2
   470 | D:3      | Reached XP level 3. HP: 24/33 MP: 3/3
   545 | D:3      | Found a snail-covered altar of Cheibriados.
   787 | D:3      | Reached XP level 4. HP: 24/40 MP: 4/4
   835 | D:4      | Reached skill level 5 in Long Blades
   866 | D:4      | Reached XP level 5. HP: 13/46 MP: 5/5
   909 | D:4      | Noticed Ijyb
   917 | D:4      | Noticed hofbold's ghost (amateur DsGl)
   921 | D:4      | Killed Ijyb
  1083 | D:3      | Noticed Terence
  1097 | D:3      | Killed Terence
  1162 | D:4      | Reached XP level 6. HP: 25/55 MP: 5/5
  1185 | D:4      | Noticed Blork the orc
  1197 | D:4      | Killed Blork the orc
  1577 | D:5      | Entered Level 5 of the Dungeon
  1622 | D:5      | Found a glowing drain.
  1627 | Sewer    | Entered a sewer
  1634 | Sewer    | Reached XP level 7. HP: 41/61 MP: 4/4
  1718 | Sewer    | Found a white marble altar of Elyvilon.
  1906 | D:5      | Noticed Menkaure
  1914 | D:5      | Killed Menkaure
  2067 | D:5      | Got a bloodstained leather armour
  2084 | D:5      | Got a translucent morningstar
  2086 | D:5      | Identified the +7 morningstar of Harmony {freeze, +Blink} (You found it on level 5 of the Dungeon)
  2170 | D:6      | Found a staircase to the Ecumenical Temple.
  2233 | Temple   | Entered the Ecumenical Temple
  2254 | Temple   | Became a worshipper of Makhleb the Destroyer
  2796 | D:1      | Reached * piety under Makhleb
  2975 | D:2      | Found a hazy altar of Hepliaklqana.
  3344 | D:2      | Found a glowing silver altar of Zin.
  3345 | D:2      | Noticed an angel
  3408 | D:2      | Found an ancient bone altar of Kikubaaqudgha.
  3844 | D:4      | Reached XP level 8. HP: 39/73 MP: 5/5
  3884 | D:4      | Killed hofbold's ghost
  3884 | D:4      | Reached skill level 5 in Fighting
  4052 | D:6      | Noticed Eustachio
  4073 | D:6      | Killed Eustachio
  4162 | D:6      | Found a sacrificial altar of Ru.
  4170 | D:6      | HP: 4/81 [orc priest/divine providence (14)]
  4242 | D:6      | Found an iron altar of Okawaru.
  4242 | D:6      | Noticed Prince Ribbit
  4247 | D:6      | Killed Prince Ribbit
  4247 | D:6      | Gained mutation: You passively map the area around you. [Deep Dwarf growth]
  4247 | D:6      | Reached XP level 9. HP: 27/88 MP: 5/5
  4644 | D:7      | Slain by an ogre

Skill      XL: |  1  2  3  4  5  6  7  8 |
---------------+-------------------------+-----
Long Blades    | 3 4 5 6 7 8 |  8.7
Fighting       | 4 8 |  8.6
Armour         | |  3.2
Shields        | |  3.2

Action                   |  1- 3 |  4- 6 |  7- 9 || total
-------------------------+-------+-------+-------++-------
Melee: Long sword        |   122 |   166 |    39 ||   327
       Morningstar       |       |       |   192 ||   192
 Abil: Heal Wounds       |       |     3 |     2 ||     5
Evoke: Wand              |       |     6 |     5 ||    11
  Use: Potion            |       |     1 |     5 ||     6
       Scroll            |       |       |    14 ||    14
  Eat: Chunk             |       |     3 |     7 ||    10
       Ration            |       |       |     1 ||     1
Armor: Scale mail        |    62 |    63 |    99 ||   224
Dodge: Dodged            |    48 |    55 |    79 ||   182
Block: Shield            |    78 |    74 |   117 ||   269
       Rpst.: Long sword |    20 |    26 |     2 ||    48
